 Dungeon Crawl Stone Soup version 0.25-a0-44-g29a1220a87 (webtiles) character file.

Game seed: 13293133897628784555, levelgen mode: deterministic

12 Alarkh the Skirmisher (level 2, 24/24 HPs)
             Began as a Demonspawn Fighter on Oct 23, 2019.
             Got out of the dungeon alive.
             The game lasted 00:00:14 (285 turns).

Alarkh the Skirmisher (Demonspawn Fighter)           Turns: 285, Time: 00:00:14

Health: 24/24      AC:  8    Str: 16    XL:     2   Next: 20%
Magic:  2/2        EV:  6    Int:  9    God:
Gold:   21         SH:  8    Dex: 12    Spells: 1/1 levels left

rFire    . . .     SeeInvis .   a - +0 long sword
rCold    . . .     Gourm    .   c - +0 shield
rNeg     . . .     Faith    .   b - +0 scale mail
rPois    .         Spirit   .   (no helmet)
rElec    .         Reflect  .   (no cloak)
rCorr    .         Harm     .   (no gloves)
MR       .....                  (no boots)
Stlth    ..........             (no amulet)
HPRegen  0.08/turn              (no ring)
MPRegen  0.08/turn              (no ring)

@: no status effects
A: slimy green scales 1
a: no special abilities


You escaped.
You were not hungry.

You visited 1 branch of the dungeon, and saw 1 of its levels.

You collected 21 gold pieces.

Inventory:

Hand Weapons
 a - a +0 long sword (weapon)
Armour
 b - a +0 scale mail (worn)
 c - a +0 shield (worn)
Scrolls
 h - a scroll of identify {unknown}
Potions
 d - a potion of might
 e - a potion of heal wounds {unknown}
 i - a potion of degeneration {unknown}
Comestibles
 f - a ration
 g - 5 chunks of flesh


   Skills:
 - Level 3.0 Fighting
 + Level 2.6 Long Blades
 - Level 2.6 Armour
 - Level 2.6 Shields


You had one spell level left.
You didn't know any spells.
Your spell library was empty.

Dungeon Overview and Level Annotations

Branches:
Dungeon (1/15)

Altars:


Innate Abilities, Weirdness & Mutations

You are partially covered in slimy green scales. (AC +2)


Message History

The kobold throws a stone.
The stone hits you but does no damage.
You see here a stone.
The kobold hits you but does no damage.
You hit the kobold but do no damage.
The kobold hits you but does no damage. x2
You hit the kobold but do no damage. You block the kobold's attack.
Your shield and scale mail prevent you from hitting the kobold.
The kobold barely misses you.
Your scale mail prevents you from hitting the kobold.
You block the kobold's attack. The kobold hits you but does no damage.
You hit the kobold.
You kill the kobold!
(D) Dungeon
Where to? (Enter - D:1 @ (x,y), ? - help)
Things that are here:
a +0 dagger; a goblin skeleton Some of the chunks of flesh in your inventory have rotted away.
There is an open door here.
There is a staircase leading out of the dungeon here.
Are you sure you want to leave the Dungeon?
This will make you lose the game!
You have escaped!

#...#≈.≈# ≈≈#
#...#≈.≈#≈§.#
#...#≈.≈#≈..#
#...#...#...#
#...........#
#...........#
#...........#
#...[.......#
#.....@.....#
#...........#
#############


There were no monsters in sight!

Vanquished Creatures
  2 bats (D:1)
  3 goblins (D:1)
  3 jackals (D:1)
  A frilled lizard (D:1)
  2 kobolds (D:1)
11 creatures vanquished.

Notes
Turn   | Place    | Note
-------+----------+-------------------------------------------
     0 | D:1      | Alarkh the Demonspawn Fighter began the quest for the Orb.
     0 | D:1      | Reached XP level 1. HP: 18/18 MP: 1/1
   196 | D:1      | Gained mutation: You are partially covered in slimy green
                  | scales. (AC +2) [demonic ancestry]
   196 | D:1      | Reached XP level 2. HP: 21/24 MP: 2/2
   285 | D:$      | Got out of the dungeon alive.

Levels and vault maps discovered:
D:1:      lightli_arrival_quake, layout_basic

Skill      XL: |  1 |
---------------+----+-----
Long Blades    | 2 |  2.6
Fighting       | |  3.0
Armour         | |  2.6
Shields        | |  2.6

Action                   || total
-------------------------++-------
Melee: Long sword        ||    40
Armor: Scale mail        ||    18
Dodge: Dodged            ||    13
Block: Shield            ||    16
       Rpst.: Long sword ||     5

Table legend:
 A = Non-vault XP
 B = Vault XP
 C = Vault XP percentage of total XP
 D = Non-vault monster count
 E = Vault monster count
 F = Vault count percentage of total count
                 A         B        C        D         E       F
            +---------+---------+-------+---------+---------+-------
      Total |      18 |       0 |   0.0 |      11 |       0 |   0.0
            +---------+---------+-------+---------+---------+-------
        D:1 |      18 |       0 |   0.0 |      11 |       0 |   0.0
            +---------+---------+-------+---------+---------+-------
